 Dungeon Crawl Stone Soup version 0.29-a0-817-g9904bce7a6 (webtiles) character file.

Game seed: 3184770399566065211

2 blackman the Sneak (level 1, -2/18 HPs)
             Began as a Human Delver on July 5, 2022.
             Slain by a scorpion (5 damage)
             ... on level 6 of the Dungeon.
             The game lasted 00:00:36 (71 turns).

blackman the Sneak (Human Delver)                     Turns: 71, Time: 00:00:37

Health: -2/18      AC:  3    Str: 12    XL:     1   Next: 33%
Magic:  1/1        EV: 12    Int: 10    God:
Gold:   10         SH:  0    Dex: 14    Spells: 0/0 levels left

rFire   . . .      SeeInvis .   a - +0 hand axe
rCold   . . .      Faith    .   (no shield)
rNeg    . . .      Spirit   .   b - +0 leather armour
rPois   .          Reflect  .   (no helmet)
rElec   .          Harm     .   (no cloak)
rCorr   .          Rampage  .   (no gloves)
Will    .....                   (no boots)
Stlth   +++.......              (no amulet)
HPRegen 0.06/turn               (no ring)
MPRegen 0.07/turn               (no ring)

@: hasted, very quick
A: no striking features
a: no special abilities


You were on level 6 of the Dungeon.
You visited 1 branch of the dungeon, and saw 2 of its levels.

You collected 10 gold pieces.

Inventory:

Hand Weapons
 a - a +0 hand axe (weapon)
Armour
 b - a +0 leather armour (worn)
Wands
 g - a wand of digging (3)
Scrolls
 c - a scroll of fog
 d - a scroll of magic mapping


   Skills:
 - Level 3.0 Fighting
 - Level 2.0 Axes
 - Level 2.0 Dodging
 - Level 5.0 Stealth
 + Level 0.6 Evocations


You couldn't memorise any spells.
You didn't know any spells.
Your spell library was empty.

Dungeon Overview and Level Annotations

Branches:
Dungeon (6/15)
 Temple: D:4-7

Altars:


Message History

There is a stone staircase leading up here.
You hit the orc but do no damage. The orc hits you with a +0 dagger.
You hit the orc but do no damage. The orc misses you.
You slash the orc!
You kill the orc!
There are monsters nearby!
The bullfrog gives a loud, deep croak!
The howler monkey hoots and howls with incredible vigour!
The bullfrog misses you.
You hear a shout!
You feel yourself speed up.
The howler monkey hoots and howls with incredible vigour!
The bullfrog hits you. The bullfrog closely misses you. The bullfrog hits you.
The howler monkey hits you but does no damage.
Found 3 atropa-tipped darts.
The howler monkey hits you.
The howler monkey hoots and howls with incredible vigour!
You hear a croak.
You hear an angry hiss.
You hear a shout! x2
The bullfrog attacks as you move away! The bullfrog hits you.
* * * LOW HITPOINT WARNING * * *
A jelly comes into view.
The bullfrog attacks as you move away! The bullfrog hits you.
* * * LOW HITPOINT WARNING * * *
A bullfrog and a scorpion come into view.
Found a glowing leather armour.
Found a stone staircase leading down.
You see here 3 atropa-tipped darts.
As you read the scroll of fear, it crumbles to dust.
You assume a fearsome visage.
The bullfrog looks frightened!
The howler monkey looks frightened!
The jelly looks frightened!
The bullfrog looks frightened!
The scorpion looks frightened!
A scorpion comes into view.
Found an escape hatch in the ceiling.
Found a stone staircase leading down.
An iguana comes into view.
A necrophage comes into view.
The scorpion misses you.
The scorpion stings you but does no damage.
There is a stone staircase leading down here.
The scorpion stings you.
You die...

#.)........#
#..........#
#...?......#
#..........#### .
#.....$...F...# ..
#...).......#s### #.#
###########.#...###...#
######(###......#
...........s@.##...
[.F....#####...#
....... ...ln<. ..J....
##.##.>#.. ....... #.#
#... ....... ..# ....
....... .## ... # #.


You could see a necrophage, 2 scorpions and an iguana.

Vanquished Creatures
  An orc (D:6)
1 creature vanquished.

Notes
Turn   | Place    | Note
-------+----------+-------------------------------------------
     0 | D:5      | blackman the Human Delver began the quest for the Orb.
     0 | D:5      | Reached XP level 1. HP: 18/18 MP: 1/1
    20 | D:5      | Noticed an orc wizard
    42 | D:6      | Noticed a howler monkey
    42 | D:6      | Noticed a bullfrog
    63 | D:6      | Noticed a jelly
    64 | D:6      | Noticed a bullfrog
    64 | D:6      | Noticed a scorpion
    66 | D:6      | Noticed a scorpion
    67 | D:6      | Noticed an iguana
    68 | D:6      | Noticed a necrophage
    71 | D:6      | Slain by a scorpion

Illustrated notes

Levels and vault maps discovered:
D:5:      layout_basic, temple_statues
D:6:      layout_rooms, nicolae_ru_the_path_less_chosen,
          cheibrodos_sewer_entry_sluice

Action                   || total
-------------------------++-------
Melee: Hand axe          ||     3
  Use: Scroll            ||     1
       Potion            ||     1
Armor: Leather armour    ||     2
Dodge: Dodged            ||     8

Table legend: (Time is in decaauts)
 A = Elapsed time spent in this place.
 B = Non-inter-level travel time spent in this place.
 C = Inter-level travel time spent in this place.
 D = Time resting spent in this place.
 E = Time spent auto-exploring this place.
 F = Levels seen in this place.
 G = Mean time per level.
                   A        B        C        D        E       F      G
               +--------+--------+--------+--------+--------+-----+--------+
         Total |     65 |     65 |      0 |      0 |     18 |   2 |   32.5 |
       Dungeon |     65 |     65 |      0 |      0 |     18 |   2 |   32.5 |
               +--------+--------+--------+--------+--------+-----+--------+

Top non-repeatable levels by time:
     D:5: 42 daAuts
     D:6: 23 daAuts
